 Dungeon Crawl Stone Soup version 0.19.5 (webtiles) character file.

256 Monsterracer the Cudgeler (level 6, -3/63 HPs)
             Began as an Ogre Hunter on June 29, 2017.
             Slain by a hippogriff (6 damage)
             ... on level 3 of the Dungeon.
             The game lasted 00:10:46 (4788 turns).

Monsterracer the Cudgeler (Ogre Hunter)             Turns: 4788, Time: 00:10:47

Health: -3/63      AC:  3    Str: 18      XL:     6   Next: 16%
Magic:  6/6        EV: 10    Int:  9 (10) God:
Gold:   184        SH:  0    Dex: 12      Spells: 0 memorised, 5 levels left

rFire  . . .     SeeInvis .     n - +1 mace
rCold  . . .     Gourm    .     b - +0 robe
rNeg   . . .     Faith    .     (no shield)
rPois  .         Spirit   .     (helmet restricted)
rElec  .         Reflect  .     (no cloak)
rCorr  .         Harm     .     (gloves unavailable)
MR     .....                    (boots unavailable)
Stlth  +.........               (no amulet)
                                (no ring)
                                (no ring)

@: no status effects
A: unfitting armour, tough skin 1
a: no special abilities


You were on level 3 of the Dungeon.
You were not hungry.

You visited 1 branch of the dungeon, and saw 4 of its levels.

You collected 184 gold pieces.

Inventory:

Hand Weapons
 n - a +1 mace (weapon)
Missiles
 c - 4 large rocks
 d - a throwing net
 g - 122 stones (quivered)
 h - 5 tomahawks
Armour
 b - a +0 robe (worn)
Scrolls
 e - a scroll of magic mapping
 k - 2 scrolls of identify
 r - a scroll of remove curse
 s - a scroll of teleportation
Potions
 j - a potion of resistance
 m - 2 potions of curing
 o - a potion of haste
 q - 2 potions of flight
Comestibles
 a - 4 meat rations
 f - 3 bread rations
 i - 3 fruits
 l - a beef jerky
 p - a slice of pizza


   Skills:
 + Level 4.5 Fighting
 * Level 5.9 Maces & Flails
 + Level 4.2 Throwing
 + Level 2.4 Dodging
 - Level 0.6 Stealth


You had 5 spell levels left.
You didn't know any spells.

Dungeon Overview and Level Annotations

Branches:
Dungeon (4/15)
 Temple: D:4-7

Altars:
Elyvilon
Hepliaklqana
Uskayaw


Innate Abilities, Weirdness & Mutations

You are too large for most types of armour.
You have tough skin. (AC +1)


Message History

Aim: a hippogriff (severely wounded)
You throw a large rock.
The large rock hits the hippogriff but does no damage.
The hippogriff is severely wounded.
The hippogriff bites you.
* * * LOW HITPOINT WARNING * * *
The hippogriff pecks you.
* * * LOW HITPOINT WARNING * * *
The hippogriff claws you!
* * * LOW HITPOINT WARNING * * *
The hippogriff barely misses you. The hippogriff closely misses you.
The hippogriff barely misses you.
Huge Dmg: -23%(-15hp) hp: 4%(2hp) Fire/throw which item? (* to show all) (? for menu, Esc to quit)
Okay, then.
You barely miss the hippogriff.
The hippogriff is severely wounded.
The hippogriff barely misses you. The hippogriff misses you.
The hippogriff claws you.
You die...

.### #..###### #.# ...# #..# #.#
#.# †#.# #..# #.# #.# ##.####..#
#.# #.# ##.#.....#########.#
#.#### #.#.........>....?# #.....
##.#....#..... ...##### ######
............######.#...#
.#.............H@.$..#.#
.##......>...#.###..#..# ######
.##.....)....#.# #.###.#####.....
.##..........#.##.###.........###
.##..###.###.#.###.###.#####.##
.##..# #.# #........#..# #.#
.##..###.###.###...#.#.#####.####
###...........##.....#...........
# #.####.###.###...#.#######.####


You could see a hippogriff.

Vanquished Creatures
  Jessica (D:2)
  3 worker ants (D:4)
  6 adders
  3 gnolls
  An ooze (D:2)
  A worm (D:3)
  3 dart slugs
  3 leopard geckos
  An orc (D:3)
  2 ball pythons
  4 giant cockroaches
  6 hobgoblins
  2 jackals (D:3)
  7 bats
  4 frilled lizards
  4 goblins
  9 kobolds
  9 rats
69 creatures vanquished.

Vanquished Creatures (others)
  2 bushes (D:4)
  A plant (D:4)
3 creatures vanquished.

Grand Total: 72 creatures vanquished

Notes
Turn   | Place    | Note
-------+----------+-------------------------------------------
     0 | D:1      | Monsterracer the Ogre Hunter began the quest for the Orb.
     0 | D:1      | Reached XP level 1. HP: 22/22 MP: 1/1
   212 | D:1      | Reached XP level 2. HP: 25/31 MP: 2/2
   763 | D:1      | Reached skill level 1 in Maces & Flails
  1219 | D:2      | Found a hide-covered altar of Uskayaw.
  1257 | D:2      | Reached skill level 2 in Maces & Flails
  1257 | D:2      | Reached XP level 3. HP: 30/39 MP: 3/3
  1273 | D:2      | Noticed Jessica
  1287 | D:2      | Killed Jessica
  1287 | D:2      | Reached skill level 3 in Maces & Flails
  1469 | D:2      | Reached XP level 4. HP: 38/48 MP: 4/4
  1940 | D:2      | You fall through a shaft for 2 floors!
  1954 | D:4      | Reached skill level 4 in Maces & Flails
  2727 | D:4      | Reached XP level 5. HP: 19/54 MP: 5/5
  2973 | D:4      | Reached skill level 5 in Maces & Flails
  3949 | D:2      | Found a hazy altar of Hepliaklqana.
  4281 | D:2      | Reached XP level 6. HP: 32/63 MP: 6/6
  4589 | D:2      | Found a white marble altar of Elyvilon.
  4774 | D:3      | Noticed a hippogriff
  4787 | D:3      | HP: 2/63 [hippogriff (7)]
  4788 | D:3      | Slain by a hippogriff

Skill      XL: |  1  2  3  4  5 |
---------------+----------------+-----
Fighting       | 3 4 |  4.5
Maces & Flails | 2 3 4 5 |  5.9
Dodging        | 2 |  2.4
Throwing       | |  4.2
Stealth        | |  0.6

Action                   |  1- 3 |  4- 6 || total
-------------------------+-------+-------++-------
Melee: Short sword       |    32 |       ||    32
       Club              |    57 |    49 ||   106
       Mace              |       |   138 ||   138
Throw: Stone             |    26 |    27 ||    53
       Tomahawk          |       |    16 ||    16
       Large rock        |       |     9 ||     9
       Throwing net      |       |     1 ||     1
  Use: Potion            |     4 |     4 ||     8
       Scroll            |     2 |     6 ||     8
 Stab: Sleeping          |     1 |     1 ||     2
       Held in net/web   |       |     1 ||     1
  Eat: Chunk             |     2 |    11 ||    13
Armor: Robe              |    37 |    51 ||    88
Dodge: Dodged            |    66 |   118 ||   184
